 Dungeon Crawl Stone Soup version 0.20.0-7-g3b7b877 (webtiles) character file.

322 Rrauwl the Skirmisher (level 6, -2/57 HPs)
             Began as a Minotaur Berserker on May 29, 2017.
             Was a Believer of Trog.
             Slain by a wight
             ... wielding a +0 morningstar
              (12 damage)
             ... on level 3 of the Dungeon.
             The game lasted 00:03:41 (1572 turns).

Rrauwl the Skirmisher (Minotaur Berserker)          Turns: 1572, Time: 00:03:41

Health: -2/57      AC:  3    Str: 22    XL:     6   Next: 22%
Magic:  5/5        EV: 12    Int:  5    God:    Trog [**....]
Gold:   93         SH:  0    Dex: 10    Spells: 5/5 levels left

rFire    . . .     SeeInvis .   a - +0 hand axe
rCold    . . .     Gourm    .   (no shield)
rNeg     . . .     Faith    .   j - +1 animal skin
rPois    .         Spirit   .   (helmet restricted)
rElec    .         Reflect  .   (no cloak)
rCorr    .         Harm     .   (no gloves)
MR       .....     Rnd*Tele +   (no boots)
Stlth    ..........             (no amulet)
Regen    0.2/turn               n - ring of loudness (curse)
MPRegen  0.1/turn               g - ring of teleportation (curse)

@: berserk cooldown, slowed, drained, very slow
A: retaliatory headbutt, horns 2
a: Berserk, Trog's Hand, Burn Spellbooks, Renounce Religion


You were on level 3 of the Dungeon.
You worshipped Trog.
Trog was pleased with you.
You were hungry.

You visited 1 branch of the dungeon, and saw 3 of its levels.

You collected 93 gold pieces.

Inventory:

Hand Weapons
 a - a +0 hand axe (weapon)
 b - a +0 hunting sling
Missiles
 k - 92 stones (quivered)
Armour
 j - a +1 animal skin (worn)
Jewellery
 g - a cursed ring of teleportation (right hand)
 n - a cursed ring of loudness (left hand)
Scrolls
 o - a scroll of enchant armour
 p - a scroll of random uselessness {unknown}
 q - a scroll of identify
Potions
 d - a potion of mutation {unknown}
 e - a potion of haste
 i - a potion of curing
Comestibles
 c - 2 bread rations
 f - 7 fruits
 h - a meat ration
 l - a royal jelly
 m - 12 chunks of flesh


   Skills:
 + Level 6.1(5.8) Fighting
 + Level 6.0(5.7) Axes
 - Level 3.1(2.8) Armour
 - Level 3.0(2.7) Dodging


You had 5 spell levels left.
You didn't know any spells.

Dungeon Overview and Level Annotations

Branches:
Dungeon (3/15)

Altars:
Gozag


Innate Abilities, Weirdness & Mutations

You reflexively headbutt those who attack you in melee.
You have a pair of horns on your head.


Message History

You are exhausted.
You feel yourself slow down. The wight hits you with a morningstar!
You feel drained.
You hit the wight. You headbutt the wight.
The wight is heavily damaged.
The wight hits you with a morningstar!
You are too injured to fight recklessly!
You are too injured to fight recklessly!
You are too injured to fight recklessly!
You are too injured to fight recklessly!
You are too injured to fight recklessly!
You are too injured to fight recklessly!
You hit the wight.
The wight is heavily damaged.
The wight hits you with a morningstar!
* * * LOW HITPOINT WARNING * * *
You hit the wight.
The wight is almost destroyed.
The wight hits you with a morningstar!
You die...

##.#.#.###
#........
#.......#
#.......#
#.......#
#.......#
#...z...#
#...@...#
####.####
##)).####..
#..)....'..
##...####..
#####.#####
#.....).).#
#.###.###.#
#.# #.# #.#


You could see a wight.

Vanquished Creatures
  An ice beast (D:3)
  3 wights (D:3)
  An orc wizard (D:3)
  3 adders (D:2)
  A worm (D:2)
  2 dart slugs (D:1)
  4 orcs (D:3)
  3 giant cockroaches (D:1)
  6 goblins
  4 hobgoblins
  4 jackals (D:1)
  5 kobolds
  2 ball pythons
  5 bats
  6 frilled lizards
  7 rats
57 creatures vanquished.

Notes
Turn   | Place    | Note
-------+----------+-------------------------------------------
     0 | D:1      | Rrauwl the Minotaur Berserker began the quest for the Orb.
     0 | D:1      | Reached XP level 1. HP: 19/19 MP: 0/0
   223 | D:1      | Reached XP level 2. HP: 16/27 MP: 1/1
   440 | D:1      | Reached ** piety under Trog
   627 | D:1      | Reached XP level 3. HP: 33/33 MP: 2/2
  1340 | D:2      | Found an opulent altar of Gozag.
  1379 | D:2      | Reached XP level 4. HP: 35/41 MP: 3/3
  1431 | D:3      | Noticed an ice beast
  1437 | D:3      | Killed an ice beast
  1437 | D:3      | Reached skill level 5 in Fighting
  1437 | D:3      | Reached skill level 5 in Axes
  1437 | D:3      | Reached XP level 5. HP: 48/48 MP: 4/4
  1565 | D:3      | Reached XP level 6. HP: 57/57 MP: 5/5
  1572 | D:3      | Slain by a wight

Skill      XL: |  1  2  3  4  5  6 |
---------------+-------------------+-----
Fighting       | 4 5 6 |  6.1
Armour         | 3 |  3.1
Axes           | 4 5 6 |  6.0
Dodging        | 3 |  3.0

Action                   |  1- 3 |  4- 6 || total
-------------------------+-------+-------++-------
Melee: Hand axe          |    92 |    30 ||   122
       Headbutt          |    14 |     5 ||    19
Invok: Berserk           |       |     2 ||     2
  Use: Scroll            |     3 |       ||     3
       Potion            |     2 |       ||     2
 Stab: Invisible         |     3 |       ||     3
  Eat: Chunk             |     1 |     2 ||     3
Armor: Animal skin       |    16 |     5 ||    21
Dodge: Dodged            |    70 |    10 ||    80
